 Dungeon Crawl Stone Soup version 0.28.0-47-ge53b351184 (webtiles) character file.

Game seed: 5429338177740616355

259 Zeld the Skirmisher (level 5, 0/48 HPs)
             Began as a Minotaur Berserker on Apr 25, 2022.
             Was a Believer of Trog.
             Splashed by a jelly's acid (10 damage)
             ... on level 3 of the Dungeon.
             The game lasted 00:02:17 (4251 turns).

Zeld the Skirmisher (Minotaur Berserker)            Turns: 4251, Time: 00:02:20

Health: 0/48       AC: -5    Str: 24    XL:     5   Next: 94%
Magic:  4/4        EV: 12    Int:  4    God:    Trog [**....]
Gold:   163        SH:  0    Dex:  9    Spells: 4/4 levels left

rFire   . . .      SeeInvis .   a - +0 war axe
rCold   . . .      Faith    .   (no shield)
rNeg    . . .      Spirit   .   b - +0 animal skin
rPois   .          Reflect  .   (helmet restricted)
rElec   .          Harm     .   (no cloak)
rCorr   .          Rampage  .   (no gloves)
Will    .....                   (no boots)
Stlth   +.........              (no amulet)
HPRegen 0.16/turn               (no ring)
MPRegen 0.09/turn               (no ring)

@: corroded
A: horns 2, retaliatory headbutt
a: Renounce Religion, Berserk, Trog's Hand


You were on level 3 of the Dungeon.
You worshipped Trog.
Trog was pleased with you.
You visited 1 branch of the dungeon, and saw 4 of its levels.

You collected 163 gold pieces.

Inventory:

Hand Weapons
 a - a +0 war axe (weapon)
Armour
 b - a +0 animal skin (worn)
Wands
 k - a wand of paralysis (8)
Scrolls
 c - 3 scrolls of identify {unknown}
 d - 2 scrolls of teleportation {unknown}
 f - a scroll of brand weapon {unknown}
 h - a scroll of magic mapping {unknown}
 i - a scroll of fog {unknown}
Potions
 e - a potion of degeneration {unknown}
 g - a potion of invisibility {unknown}
 j - a potion of curing


   Skills:
 * Level 5.4 Fighting
 * Level 5.2 Axes
 + Level 3.5 Armour
 + Level 3.2 Dodging
 + Level 1.5 Stealth


You had 4 spell levels left.
You didn't know any spells.
Your spell library was empty.

Dungeon Overview and Level Annotations

Branches:
Dungeon (4/15)
 Temple: D:4-7

Altars:


Innate Abilities, Weirdness & Mutations

You have a pair of horns on your head.
You reflexively headbutt those who attack you in melee.


Message History

You are now empty-handed.
You drop a +0 hand axe.
You see here a +0 war axe.
a - a +0 war axe
a - a +0 war axe (weapon)
Setting a skill training target for Axes at 16.0.
Done exploring.
Done exploring.
Done exploring.
You see here a +0 hand axe.
Items here: ) [ ÷÷.
There is a stone staircase leading down here.
You climb downwards.
The ogre shouts!
There is a stone staircase leading up here.
Search for what [Enter for "armor", or ? for help]?
Search for what [Enter for "armor", or ? for help]? axe Search for what [Enter for "axe", or ? for help]? armor A jelly comes into view.
The jelly quivers.
The jelly hits you. The acid corrodes you!
You are splashed with acid!
You hit the jelly.
Your hands burn!
You headbutt the jelly.
The jelly is heavily wounded.
The jelly hits you.
You are splashed with acid!
There is a stone staircase leading up here.
The jelly hits you. The acid corrodes you!
You are splashed with acid.
You climb upwards.
There is a stone staircase leading down here.
You are too injured to fight recklessly!
You are too injured to fight recklessly!
You barely miss the jelly.
The jelly is heavily wounded.
The jelly barely misses you.
You hit the jelly but do no damage.
Your hands burn!
* * * LOW HITPOINT WARNING * * *
You headbutt the jelly, but do no damage.
The jelly is heavily wounded.
The jelly hits you.
* * * LOW HITPOINT WARNING * * *
You are splashed with acid!
You die...

.......# #.#
#.####.# #.# #.#
#.####### #.# #.#
#.......# #.# ..#
#######.#### #.#
### #.##.###)#
#.#.#.##.#
#..###...# ##
#.#.#@#### .#
#.##J## .# #####
#.##.# .# #.[.#
#.##.#
.####.#.####.##.#
.##...#...##.##.#
.##.#####....##.#
.##...#.÷.#####.#
.####.#.### #.#


You could see a jelly.

Vanquished Creatures
  A sky beast (D:3)
  Ijyb (D:3)
  Natasha (thrice) (D:2)
  A dart slug (D:3)
  5 orcs (D:3)
  5 bats
  8 endoplasms
  2 giant cockroaches (D:2)
  7 hobgoblins
  5 kobolds
  3 quokkas
  6 ball pythons
  2 frilled lizards
  4 goblins
  6 rats
59 creatures vanquished.

Notes
Turn   | Place    | Note
-------+----------+-------------------------------------------
     0 | D:1      | Zeld the Minotaur Berserker began the quest for the Orb.
     0 | D:1      | Reached XP level 1. HP: 19/19 MP: 0/0
   371 | D:1      | Reached XP level 2. HP: 23/27 MP: 1/1
   621 | D:1      | Found a faded altar of an unknown god.
  1121 | D:2      | Reached ** piety under Trog
  1235 | D:2      | Reached XP level 3. HP: 24/33 MP: 2/2
  1522 | D:2      | Noticed Natasha
  1525 | D:2      | Killed Natasha
  2120 | D:2      | Noticed Natasha
  2133 | D:2      | Killed Natasha
  2134 | D:2      | Reached skill level 1 in Stealth
  2134 | D:2      | Reached XP level 4. HP: 5/41 MP: 3/3
  2208 | D:2      | Noticed Natasha
  2221 | D:2      | Killed Natasha
  3248 | D:3      | Noticed a sky beast
  3255 | D:3      | Killed a sky beast
  3256 | D:3      | Reached skill level 5 in Fighting
  3256 | D:3      | Reached skill level 5 in Axes
  3256 | D:3      | Reached XP level 5. HP: 48/48 MP: 4/4
  3878 | D:3      | Noticed Ijyb
  3891 | D:3      | Killed Ijyb
  4242 | D:4      | Noticed an ogre
  4251 | D:3      | Splashed by a jelly's acid

Illustrated notes

Levels and vault maps discovered:
D:1:      minmay_arrival_checkered_box, layout_loops_cross,
          shapermc_ecumenical_altar_mp_highgroup
D:2:      layout_basic, minmay_tetromino_o2, uniq_natasha
D:3:      layout_loops_ring, uniq_ijyb
D:4:      layout_cave_pools, uniq_blork_the_orc

Skill      XL: |  1  2  3  4 |
---------------+-------------+-----
Fighting       | 4 5 |  5.4
Axes           | 4 5 |  5.2
Armour         | 3 |  3.5
Stealth        | 1 |  1.5
Dodging        | 3 |  3.2

Action                   |  1- 3 |  4- 6 || total
-------------------------+-------+-------++-------
Melee: Hand axe          |    71 |    58 ||   129
       Headbutt          |     8 |    13 ||    21
       War axe           |       |     3 ||     3
       Punch             |       |     1 ||     1
Invok: Trog's Hand       |     1 |       ||     1
       Berserk           |       |     2 ||     2
 Stab: Sleeping          |       |     2 ||     2
Armor: Animal skin       |    13 |     9 ||    22
Dodge: Dodged            |    49 |    30 ||    79
